 Dungeon Crawl Stone Soup version 0.27.0-1-g7a089689b8 (webtiles) character file.

Game seed: 2941793014515260398

15 shadowrider38 the Insei (level 2, -1/18 HPs)
             Began as an Octopode Transmuter on Aug 13, 2021.
             Slain by a jackal (2 damage)
             ... on level 1 of the Dungeon.
             The game lasted 00:02:48 (599 turns).

shadowrider38 the Insei (Octopode Transmuter)        Turns: 599, Time: 00:02:48

Health: -1/18      AC:  1    Str:  9    XL:     2   Next: 50%
Magic:  4/5        EV: 10    Int: 15    God:
Gold:   17         SH:  0    Dex: 12    Spells: 4/5 levels left

rFire    . . .     SeeInvis .     - Unarmed
rCold    . . .     Faith    .   (no shield)
rNeg     . . .     Spirit   .   (helmet currently unavailable)
rPois    .         Reflect  .   (no amulet)
rElec    .         Harm     .   (no ring)
rCorr    .         Rampage  .   (no ring)
Will     .....                  (no ring)
Stlth    ++........             (no ring)
HPRegen  0.06/turn              (no ring)
MPRegen  0.09/turn              (no ring)
                                (no ring)
                                (no ring)

@: appendages (expiring), constricted
A: tentacle spike 3, almost no armour, amphibious, 8 rings, camouflage 1,
gelatinous body 1, (nimble swimmer 1), tentacles
a: End Transformation


You were on level 1 of the Dungeon.
One of your tentacles had grown a beastly spike.
You visited 1 branch of the dungeon, and saw 2 of its levels.

You collected 17 gold pieces.

Inventory:

Scrolls
 b - a scroll of identify {unknown}
Potions
 a - a potion of magic {unknown}


   Skills:
 + Level 1.0 Fighting
 + Level 2.1 Dodging
 + Level 3.3 Unarmed Combat
 + Level 2.2 Spellcasting
 + Level 2.3 Transmutations


You had 4 spell levels left.
You knew the following spells:

 Your Spells              Type           Power      Damage    Failure   Level
a - Beastly Appendage     Tmut           16%        N/A       9%          1

Your spell library contained the following spells:

 Spells                   Type           Power      Damage    Failure   Level
 Wereblood                Tmut           8%         N/A       13%         2
 Spider Form              Tmut/Pois      2%         N/A       38%         3
 Ice Form                 Ice/Tmut       5%         N/A       80%         4


Dungeon Overview and Level Annotations

Branches:
Dungeon (2/15)

Altars:


Innate Abilities, Weirdness & Mutations

One of your tentacles has grown a beastly spike.
You cannot wear most types of armour.
You are amphibious.
You can wear up to eight rings at the same time.
Your skin changes colour to match your surroundings (Stealth+).
Your rubbery body absorbs attacks. (AC +1, EV +1)
((You are camouflaged near water. (Stealth+)))
You have tentacles for arms and can constrict up to eight enemies at once.


Message History

Your tentacle spike disappears.
You start resting.
HP restored.
There is a stone staircase leading down here.
Found an escape hatch in the ceiling.
You see here a +0 leather armour.
There is a stone staircase leading down here.
There is a stone staircase leading up here.
You climb upwards.
The jackal barely misses you. The ball python bites you.
The ball python barely misses you. The rat barely misses you.
The frilled lizard misses you. The jackal bites you. The ball python bites you.
The ball python closely misses you. The rat bites you.
There is a stone staircase leading down, spattered with blood here.
Sorry, you're not good enough to have a special ability.
Unknown command.
Casting: Beastly Appendage (safe; 9% risk of failure)
Press: ? - help, Q - select action Dir - look around, f - activate One of your tentacles grows a vicious spike.
The jackal bites you. The frilled lizard bites you.
The ball python completely misses you. The ball python closely misses you.
The jackal misses you. The rat barely misses you.
You completely miss the rat. You grab the rat.
You pierce the rat.
You squeeze the rat.
You kill the rat!
The frilled lizard bites you. The ball python barely misses you.
The ball python grabs you.
* * * LOW HITPOINT WARNING * * *
The ball python constricts you.
The jackal bites you but does no damage.
You miss the frilled lizard. Your grab misses the frilled lizard.
Your tentacle spike misses the frilled lizard.
Your transformation is almost over.
The jackal bites you.
* * * LOW HITPOINT WARNING * * *
The frilled lizard barely misses you. The ball python bites you.
* * * LOW HITPOINT WARNING * * *
x2 The ball python constricts you.
You barely miss the frilled lizard. Your grab misses the frilled lizard.
The jackal bites you.
You die...

..##........... #.#
...####........ #.# ...#
#.......######.####
...####.................#
........................#
................?w......#
...##....#......?......##
...............S.......#
......####......@......#
.#...## #.#...†hl.....#
...... .............>#
#.##.## ########......#
.. .. #......# #......#
#......# ########


You could see a dart slug, a jackal, a ball python and a frilled lizard.

Vanquished Creatures
  A bat (D:1)
  A hobgoblin (D:1)
  4 jackals
  A kobold (D:1)
  3 ball pythons
  A frilled lizard (D:1)
  2 rats (D:1)
13 creatures vanquished.

Notes
Turn   | Place    | Note
-------+----------+-------------------------------------------
     0 | D:1      | shadowrider38 the Octopode Transmuter began the quest for
                  | the Orb.
     0 | D:1      | Reached XP level 1. HP: 13/13 MP: 3/3
    29 | D:1      | Reached XP level 2. HP: 1/18 MP: 1/5
   599 | D:1      | Slain by a jackal

Illustrated notes

Levels and vault maps discovered:
D:1:      onia_arrival_pentagram, layout_rooms, basic_ecumenical_altar
D:2:      layout_loops_ring, serial_shops, nicolae_shop_overgrown_old_shop,
          kennysheep_cluttered_room, minmay_rat_gold_closets

Action                   || total
-------------------------++-------
Melee: Unarmed           ||    24
       Kick              ||    11
       Constrict         ||     9
       Tentacles         ||     2
 Cast: Beastly Appendage ||     5
Armor: Skin              ||     4
Dodge: Dodged            ||    53
